SA
YORK REVOLUTION @ CONNETQUOT CHIEFS
05/13/2034
 
TOP OF THE 1ST
York Revolution batting - Pitching for Connetquot Chiefs : RHP David Perkins
Pitching: RHP David Perkins
Batting: RHB Kristoffer Melin 0-0: Ball
1-0: Swinging Strike
1-1: Ball
2-1: Ball
3-1: Fly out, F4 (Popup, 4M)
Batting: RHB Lawrence Stokes 0-0: Ball
1-0: Foul Ball, location: 2F
1-1: Ball
2-1: Ground out 5-3 (Groundball, 56S)
Batting: SHB Vicente Romero 0-0: Called Strike
0-1: Swinging Strike
0-2: Ball
1-2: Ball
2-2: Ball
3-2: Foul Ball, location: 2F
3-2: Foul Ball, location: 2F
3-2: Foul Ball, location: 2F
3-2: Strikes out looking
Top of the 1st over - 0 runs, 0 hits, 0 errors, 0 left on base; York 0 - Connetquot 0
BOTTOM OF THE 1ST
Connetquot Chiefs batting - Pitching for York Revolution : LHP Paul Haines
Pitching: LHP Paul Haines
Batting: RHB Takeshi Kovacs 0-0: Fly out, F6 (Popup, 6MD)
Batting: LHB Rurik Elhov 0-0: Foul Ball, location: 2F
0-1: Fly out, F6 (Popup, 56D)
Batting: RHB Nigel Sturges 0-0: Ball
1-0: Called Strike
1-1: Ball
2-1: Called Strike
2-2: Strikes out swinging
Bottom of the 1st over - 0 runs, 0 hits, 0 errors, 0 left on base; York 0 - Connetquot 0
TOP OF THE 2ND
York Revolution batting - Pitching for Connetquot Chiefs : RHP David Perkins
Batting: RHB Vaughn White 0-0: Ball
1-0: Foul Ball, location: 2F
1-1: Ball
2-1: Fly out, F7 (Flyball, 7S)
Batting: SHB Eric Thomas 0-0: Ball
1-0: Swinging Strike
1-1: Foul Ball, location: 2F
1-2: Ball
2-2: Foul Ball, location: 2F
2-2: Fly out, F8 (Flyball, 8LM)
Batting: RHB Rich Stevens 0-0: Ball
1-0: Ball
2-0: Called Strike
2-1: Ball
3-1: Base on Balls
Batting: RHB Michael Carter 0-0: Called Strike
0-1: Ball
1-1: Foul Ball, location: 2F
1-2: Hit by Pitch
Rich Stevens to second
Batting: RHB Tome Uso 0-0: Called Strike
0-1: Ball
1-1: SINGLE (Line Drive, 7LS)
Rich Stevens to third
Michael Carter to second
Runner from 3rd tries for Home, SAFE, no throw
Batting: RHB Dane Bernstine 0-0: SINGLE (Groundball, 56D)
Michael Carter to third
Tome Uso to second
Runner from 3rd tries for Home, SAFE, no throw
Batting: RHB Kristoffer Melin 0-0: Called Strike
0-1: Ball
1-1: Ball
2-1: Ball
3-1: Swinging Strike
3-2: Foul Ball, location: 2F
3-2: Foul Ball, location: 2F
3-2: Base on Balls
Tome Uso to third
Dane Bernstine to second
Batting: RHB Lawrence Stokes 0-0: Called Strike
0-1: SINGLE (Groundball, 56D)
Tome Uso scores
Dane Bernstine to third
Kristoffer Melin to second
Runner from 3rd tries for Home, SAFE, no throw
Batting: SHB Vicente Romero 0-0: Ball
1-0: Ball
2-0: Ball
3-0: Base on Balls
Kristoffer Melin to third
Lawrence Stokes to second
Batting: RHB Vaughn White 0-0: Ball
1-0: Called Strike
1-1: Foul Ball, location: 2F
1-2: Fielders Choice at 2nd, 5-4 (Groundball, 56)
Top of the 2nd over - 4 runs, 3 hits, 0 errors, 3 left on base; York 4 - Connetquot 0
BOTTOM OF THE 2ND
Connetquot Chiefs batting - Pitching for York Revolution : LHP Paul Haines
Batting: RHB Salvadaro Sarachaga 0-0: Called Strike
0-1: Ball
1-1: Swinging Strike
1-2: Ball
2-2: Fly out, F7 (Flyball, 7)
Batting: LHB Carlos Guzmán 0-0: Called Strike
0-1: Ball
1-1: Fly out, F8 (Line Drive, 8LM)
Batting: LHB Ramiro Palmeiro 0-0: Foul Ball, location: 2F
0-1: Foul Ball, location: 2F
0-2: Strikes out swinging
Bottom of the 2nd over - 0 runs, 0 hits, 0 errors, 0 left on base; York 4 - Connetquot 0
TOP OF THE 3RD
York Revolution batting - Pitching for Connetquot Chiefs : RHP David Perkins
Batting: SHB Eric Thomas 0-0: Ball
1-0: Ball
2-0: Called Strike
2-1: Ball
3-1: Foul Ball, location: 2F
3-2: Foul Ball, location: 2F
3-2: Base on Balls
Batting: RHB Rich Stevens 0-0: Ball
1-0: Called Strike
1-1: Ball
2-1: Foul Ball, location: 2F
2-2: Fly out, F9 (Flyball, 9LSF)
Batting: RHB Michael Carter 0-0: Ball
1-0: Foul Ball, location: 2F
1-1: Ball
2-1: Called Strike
2-2: Ball
3-2: Strikes out swinging
Batting: RHB Tome Uso 0-0: Ground out 5-3 (Groundball, 56S)
Top of the 3rd over - 0 runs, 0 hits, 0 errors, 1 left on base; York 4 - Connetquot 0
BOTTOM OF THE 3RD
Connetquot Chiefs batting - Pitching for York Revolution : LHP Paul Haines
Batting: RHB Jason Bradley 0-0: Called Strike
0-1: Ball
1-1: Ball
2-1: SINGLE (Groundball, 56D)
Batting: RHB Doug Becker 0-0: Called Strike
0-1: SINGLE (Flyball, 8LS)
Jason Bradley to second
Batting: RHB Javier Reyes 0-0: Called Strike
0-1: Swinging Strike
0-2: Ball
1-2: Foul Ball, location: 2F
1-2: Ball
2-2: Strikes out swinging
Batting: RHB Takeshi Kovacs 0-0: Foul Ball, location: 2F
0-1: Called Strike
0-2: Strikes out swinging
Batting: LHB Rurik Elhov 0-0: Called Strike
0-1: Ball
1-1: Swinging Strike
1-2: Strikes out looking
Bottom of the 3rd over - 0 runs, 2 hits, 0 errors, 2 left on base; York 4 - Connetquot 0
TOP OF THE 4TH
York Revolution batting - Pitching for Connetquot Chiefs : RHP David Perkins
Batting: RHB Dane Bernstine 0-0: Ball
1-0: Foul Ball, location: 2F
1-1: Fly out, F8 (Flyball, 8RD)
Batting: RHB Kristoffer Melin 0-0: Called Strike
0-1: Called Strike
0-2: Ball
1-2: Foul Ball, location: 2F
1-2: Foul Ball, location: 2F
1-2: Foul Ball, location: 2F
1-2: Ball
2-2: Fly out, F8 (Flyball, 8LD)
Batting: RHB Lawrence Stokes 0-0: TRIPLE (Line Drive, 9D)
Batting: SHB Vicente Romero 0-0: Ball
1-0: Ball
2-0: Ball
3-0: Foul Ball, location: 2F
3-1: Ground out 4-3 (Groundball, 4S)
Top of the 4th over - 0 runs, 1 hit, 0 errors, 1 left on base; York 4 - Connetquot 0
BOTTOM OF THE 4TH
Connetquot Chiefs batting - Pitching for York Revolution : LHP Paul Haines
Batting: RHB Nigel Sturges 0-0: Ball
1-0: Ball
2-0: Foul Ball, location: 2F
2-1: Foul Ball, location: 2F
2-2: Strikes out swinging
Batting: RHB Salvadaro Sarachaga 0-0: Fly out, F8 (Flyball, 8LM)
Batting: LHB Carlos Guzmán 0-0: Ball
1-0: SINGLE (Groundball, 4MD)
Batting: LHB Ramiro Palmeiro 0-0: Foul Ball, location: 2F
0-1: Swinging Strike
0-2: Ball
1-2: Fly out, F4 (Popup, 4)
Bottom of the 4th over - 0 runs, 1 hit, 0 errors, 1 left on base; York 4 - Connetquot 0
TOP OF THE 5TH
York Revolution batting - Pitching for Connetquot Chiefs : RHP David Perkins
Batting: RHB Vaughn White 0-0: SINGLE (Flyball, 9LS)
Batting: SHB Eric Thomas 0-0: Called Strike
0-1: Ball
1-1: Foul Ball, location: 2F
1-2: Ball
2-2: Strikes out looking
Batting: RHB Rich Stevens 0-0: Ball
Vaughn White steals 2nd base
1-0: Ball
2-0: Ground out 6-3 (Groundball, 6)
Batting: RHB Michael Carter 0-0: Intentional Walk
Batting: RHB Tome Uso 0-0: Called Strike
0-1: Ball
1-1: Fly out, F9 (Line Drive, 9S)
Top of the 5th over - 0 runs, 1 hit, 0 errors, 2 left on base; York 4 - Connetquot 0
BOTTOM OF THE 5TH
Connetquot Chiefs batting - Pitching for York Revolution : LHP Paul Haines
Batting: RHB Jason Bradley 0-0: Ball
1-0: Ball
2-0: Ball
3-0: Called Strike
3-1: Fly out, F6 (Line Drive, 6)
Batting: RHB Doug Becker 0-0: Foul Ball, location: 2F
0-1: Called Strike
0-2: Strikes out swinging
Batting: RHB Javier Reyes 0-0: Fly out, F9 (Flyball, 9S)
Bottom of the 5th over - 0 runs, 0 hits, 0 errors, 0 left on base; York 4 - Connetquot 0
TOP OF THE 6TH
York Revolution batting - Pitching for Connetquot Chiefs : RHP David Perkins
Batting: RHB Dane Bernstine 0-0: Ball
1-0: Called Strike
1-1: SINGLE (Groundball, 4D)
Batting: RHB Kristoffer Melin 0-0: Bunted foul
0-1: Sac Bunt - play at first, batter safe!
Dane Bernstine to second
Batting: RHB Lawrence Stokes 0-0: Foul Ball, location: 2F
0-1: Swinging Strike
0-2: Foul Ball, location: 2F
0-2: Ball
1-2: Ball
2-2: Foul Ball, location: 2F
2-2: 3-RUN HOME RUN (Flyball, 7LD), Distance : 374 ft
Pitching: RHP Gregorio Garza
Batting: SHB Vicente Romero 0-0: Ball
1-0: Ball
2-0: Ball
3-0: Called Strike
3-1: Called Strike
3-2: Base on Balls
Batting: RHB Vaughn White 0-0: Called Strike
0-1: Grounds into double play, 4-6-3 (Groundball, 4)
Batting: SHB Eric Thomas 0-0: Ball
1-0: Called Strike
1-1: Ball
2-1: Ground out 4-3 (Groundball, 4)
Top of the 6th over - 3 runs, 3 hits, 0 errors, 0 left on base; York 7 - Connetquot 0
BOTTOM OF THE 6TH
Connetquot Chiefs batting - Pitching for York Revolution : LHP Paul Haines
Batting: RHB Takeshi Kovacs 0-0: Ball
1-0: Fly out, F8 (Flyball, 8RD)
Batting: LHB Rurik Elhov 0-0: Ball
1-0: Ball
2-0: Ball
3-0: Called Strike
3-1: Base on Balls
Batting: RHB Nigel Sturges 0-0: Called Strike
0-1: Ball
Wild Pitch!
Rurik Elhov to second
1-1: Ground out 6-3 (Groundball, 6)
Batting: RHB Salvadaro Sarachaga 0-0: Ball
1-0: Ball
2-0: Called Strike
Error on foul ball, E3
2-2: Ball
3-2: Fly out, F4 (Popup, 4MD)
Bottom of the 6th over - 0 runs, 0 hits, 1 error, 1 left on base; York 7 - Connetquot 0
TOP OF THE 7TH
York Revolution batting - Pitching for Connetquot Chiefs : RHP Gregorio Garza
Batting: RHB Rich Stevens 0-0: Ball
1-0: Ball
2-0: Ball
3-0: Called Strike
3-1: Fly out, F7 (Flyball, 7)
Batting: RHB Michael Carter 0-0: Called Strike
0-1: Foul Ball, location: 2F
0-2: Ball
1-2: Ball
2-2: Foul Ball, location: 2F
2-2: Ball
3-2: Strikes out looking
Batting: RHB Tome Uso 0-0: Ground out 5-3 (Groundball, 56)
Top of the 7th over - 0 runs, 0 hits, 0 errors, 0 left on base; York 7 - Connetquot 0
BOTTOM OF THE 7TH
Connetquot Chiefs batting - Pitching for York Revolution : LHP Paul Haines
Batting: LHB Carlos Guzmán 0-0: Called Strike
0-1: Ball
1-1: Swinging Strike
1-2: Strikes out swinging
Batting: LHB Ramiro Palmeiro 0-0: Ball
1-0: SINGLE (Line Drive, 6D)
Batting: RHB Jason Bradley 0-0: Called Strike
0-1: Ball
1-1: Swinging Strike
1-2: Foul Ball, location: 2F
1-2: Fly out, F9 (Flyball, 9S)
Batting: RHB Doug Becker 0-0: Swinging Strike
0-1: SINGLE (Line Drive, 7LS)
Ramiro Palmeiro to second
Batting: RHB Javier Reyes 0-0: Fly out, F8 (Flyball, 8RM)
Bottom of the 7th over - 0 runs, 2 hits, 0 errors, 2 left on base; York 7 - Connetquot 0
TOP OF THE 8TH
York Revolution batting - Pitching for Connetquot Chiefs : RHP Gregorio Garza
Batting: RHB Dane Bernstine 0-0: Foul Ball, location: 2F
0-1: Foul Ball, location: 2F
0-2: Ball
1-2: Ball
2-2: Strikes out swinging
Batting: RHB Kristoffer Melin 0-0: Ground out 4-3 (Groundball, 4)
Batting: RHB Lawrence Stokes 0-0: Ball
1-0: SINGLE (Groundball, 56D)
Batting: SHB Vicente Romero 0-0: Ball
1-0: DOUBLE (Line Drive, 9LS)
Lawrence Stokes to third
Batting: RHB Vaughn White 0-0: SINGLE (Line Drive, 6MD)
Lawrence Stokes scores
Vicente Romero to third
Runner from 3rd tries for Home, SAFE, throw made home
Vaughn White to second
Batting: SHB Eric Thomas 0-0: Ball
1-0: Ball
2-0: Ball
3-0: Base on Balls
Batting: RHB Rich Stevens 0-0: Fly out, F6 (Popup, P)
Top of the 8th over - 2 runs, 3 hits, 0 errors, 2 left on base; York 9 - Connetquot 0
BOTTOM OF THE 8TH
Connetquot Chiefs batting - Pitching for York Revolution : LHP Paul Haines
Batting: RHB Takeshi Kovacs 0-0: DOUBLE (Flyball, 8RXD)
Batting: LHB Rurik Elhov 0-0: Called Strike
0-1: Ball
1-1: Swinging Strike
1-2: Strikes out swinging
Batting: RHB Nigel Sturges 0-0: SINGLE (Groundball, 6MD)
Takeshi Kovacs to third
Runner from 3rd tries for Home, SAFE, throw made home
Batting: RHB Salvadaro Sarachaga 0-0: Ball
1-0: Ball
2-0: Ball
3-0: Called Strike
3-1: Base on Balls
Nigel Sturges to second
Pitching: RHP Cletus Spence
Batting: LHB Carlos Guzmán 0-0: Ball
1-0: Called Strike
1-1: Ball
2-1: Fly out, F8 (Flyball, 8LD)
Batting: LHB Ramiro Palmeiro 0-0: Called Strike
0-1: Swinging Strike
0-2: Ball
1-2: Strikes out looking
Bottom of the 8th over - 1 run, 2 hits, 0 errors, 2 left on base; York 9 - Connetquot 1
TOP OF THE 9TH
York Revolution batting - Pitching for Connetquot Chiefs : RHP Gregorio Garza
Pitching: RHP Coy Nice
Batting: RHB Michael Carter 0-0: Called Strike
0-1: Ball
1-1: Called Strike
1-2: Ball
2-2: Ground out 5-3 (Groundball, 5S)
Batting: RHB Tome Uso 0-0: Called Strike
0-1: Ball
1-1: Ball
2-1: Fly out, F9 (Flyball, 9LMF)
Batting: RHB Dane Bernstine 0-0: Ball
1-0: Ball
2-0: Ball
3-0: Base on Balls
Batting: RHB Kristoffer Melin 0-0: Ball
1-0: Foul Ball, location: 2F
1-1: Foul Ball, location: 2F
1-2: Strikes out swinging
Top of the 9th over - 0 runs, 0 hits, 0 errors, 1 left on base; York 9 - Connetquot 1
BOTTOM OF THE 9TH
Connetquot Chiefs batting - Pitching for York Revolution : RHP Cletus Spence
Now at 2B: Miguel Casas
Batting: RHB Jason Bradley 0-0: Foul Ball, location: 2F
0-1: Called Strike
0-2: Fly out, F9 (Flyball, 89S)
Batting: RHB Doug Becker 0-0: Foul Ball, location: 2F
0-1: Ball
1-1: Called Strike
1-2: Foul Ball, location: 2F
1-2: Strikes out swinging
Batting: RHB Javier Reyes 0-0: Ball
1-0: Called Strike
1-1: Ground out 1-3 (Groundball, 13)
Bottom of the 9th over - 0 runs, 0 hits, 0 errors, 0 left on base; York 9 - Connetquot 1
Friday, March 29th, 2019 - OOTP Baseball 18.8 Build 76